 Dungeon Crawl Stone Soup version 0.27-a0-1191-g601b473118 (webtiles) character file.

Game seed: 7501369355627077477

4098 polve the Schismatic (level 10, 0/76 HPs)
             Began as a Demonspawn Abyssal Knight on May 23, 2021.
             Was an Elder of Lugonu.
             Slain by an orc warrior
             ... wielding a +0 mace
              (11 damage)
             ... on level 7 of the Dungeon.
             The game lasted 00:09:35 (10897 turns).

polve the Schismatic (Demonspawn Abyssal Knight)   Turns: 10897, Time: 00:09:35

Health: 0/76       AC: 21    Str: 15    XL:     10   Next: 6%
Magic:  26/26      EV:  5    Int: 13    God:    Lugonu [****..]
Gold:   436        SH:  0    Dex: 14    Spells: 9/9 levels left

rFire    . . .     SeeInvis .   M - +3 dagger (chaos)
rCold    . . .     Faith    .   (no shield)
rNeg     . . .     Spirit   .   C - +0 plate armour
rPois    .         Reflect  .   (helmet restricted)
rElec    .         Harm     .   r - +0 cloak
rCorr    .         Rampage  .   D - +0 pair of gloves
Will     .....                  f - +0 pair of boots
Stlth    ..........             l - amulet of magic regeneration
HPRegen  0.22/turn              t - +4 ring of protection
MPRegen  0.65/turn              j - ring of magical power

@: no status effects
A: antennae 2, spiny 1, magic regeneration
a: Renounce Religion, Depart the Abyss, Bend Space, Banish, Corrupt


You were on level 7 of the Dungeon.
You worshipped Lugonu.
Lugonu was greatly pleased with you.
You visited 1 branch of the dungeon, and saw 8 of its levels.
You visited the Abyss 1 time.
You also visited: Ossuary.

You collected 436 gold pieces.

Inventory:

Hand Weapons
 a - a +1 short sword
 k - a +2 dagger of draining
 y - a +0 rapier
 M - a +3 dagger of chaos (weapon)
Armour
 f - a +0 pair of boots (worn)
 r - a +0 cloak (worn)
 C - a +0 plate armour (worn)
 D - a +0 pair of gloves (worn)
Jewellery
 h - a +6 ring of dexterity
 j - a ring of magical power (right hand)
 l - an amulet of magic regeneration (around neck)
 o - a ring of protection from cold
 t - a +4 ring of protection (left hand)
 B - a +6 ring of intelligence
Wands
 s - a wand of digging (5)
 E - a wand of iceblast (9)
 L - a wand of flame (21)
Scrolls
 b - 2 scrolls of blinking {unknown}
 i - 11 scrolls of teleportation {unknown}
 m - 11 scrolls of identify {unknown}
 n - 3 scrolls of magic mapping {unknown}
 p - a scroll of immolation {unknown}
 q - 2 scrolls of silence {unknown}
 u - 3 scrolls of fear {unknown}
 v - 2 scrolls of enchant armour {unknown}
 w - 3 scrolls of amnesia {unknown}
 x - 2 scrolls of summoning {unknown}
Potions
 c - 2 potions of invisibility
 d - 3 potions of heal wounds
 e - 2 potions of lignification
 g - a potion of magic {unknown}
 z - 2 potions of curing {unknown}
 A - a potion of brilliance {unknown}
 F - a potion of resistance
 G - 2 potions of haste
 H - a potion of ambrosia
 I - a potion of berserk rage {unknown}
 J - a potion of mutation {unknown}
 K - a potion of flight {unknown}


   Skills:
 + Level 6.1 Fighting
 - Level 8.0 Short Blades
 + Level 7.1 Armour
 - Level 0.8 Dodging
 - Level 10.0 Invocations


You had 9 spell levels left.
You didn't know any spells.
Your spell library contained the following spells:

 Spells                   Type           Power      Damage    Failure   Level
 Sandblast                Erth           0%         2d4       100%        1
 Passwall                 Tmut/Erth      0%         N/A       100%        2
 Stone Arrow              Conj/Erth      0%         3d7       100%        3
 Petrify                  Tmut/Erth      0%         N/A       100%        4
 Lee's Rapid Deconstruct  Erth           0%         3d5*      100%        5


Dungeon Overview and Level Annotations

Branches:
Dungeon (8/15)             Temple (0/1) D:7         Ossuary (visited)
   Lair: D:8-11

Altars:
Wu Jian

Shops:
D:6 ?*


Innate Abilities, Weirdness & Mutations

You have a pair of antennae on your head.
You are partially covered in sharp spines.
You regenerate magic rapidly.


Message History

You hit the orc warrior but do no damage.
The orc warrior is severely wounded.
The orc warrior hits you but does no damage.
You closely miss the orc warrior.
The orc warrior is severely wounded.
The orc warrior hits you but does no damage.
You hit the orc warrior but do no damage.
The orc warrior is severely wounded.
You hit the orc warrior but do no damage.
The orc warrior is poisoned.
The orc warrior is severely wounded.
The orc warrior hits you with a +0 mace.
You hit the orc warrior but do no damage.
The orc warrior is almost dead.
You hit the orc warrior but do no damage.
The orc warrior is almost dead.
The orc warrior hits you but does no damage.
You hit the orc warrior but do no damage.
The orc warrior is almost dead.
The orc warrior hits you with a +0 mace!
* * * LOW HITPOINT WARNING * * *
You hit the orc warrior.
The orc warrior suddenly seems more agile.
The orc warrior is almost dead.
You hit the orc warrior but do no damage.
The orc warrior is almost dead.
The orc warrior hits you but does no damage.
You hit the orc warrior but do no damage.
The orc warrior goes berserk!
The orc warrior is almost dead.
The orc warrior hits you but does no damage.
You hit the orc warrior but do no damage.
The orc warrior is almost dead.
The orc warrior hits you with a +0 mace.
* * * LOW HITPOINT WARNING * * *
You hit the orc warrior but do no damage.
The orc warrior seems to speed up.
The orc warrior is almost dead.
The orc warrior hits you with a +0 mace!
You die...

#####..## #.## ### #.##
#.########..# ##...........##
#.............## ###
#..............#####
##.#####..................##
##....##.(..@.........###....
#............o.....#..# #####
##.....####.......###..# #
#......# #.....### #..##
#......# #.##### #...### #
##.....# ### ##.....## #
##...## ###.......### ##.##
###..........# ###
##............#


You could see an orc warrior (berserk, fast, agile, poisoned).

Vanquished Creatures
  Psyche (D:7)
  A hornet (D:7)
  A wyvern (D:7)
  Eustachio (D:5)
  A water moccasin (D:6)
  An ice beast (D:6)
  2 orc warriors (D:7)
  A sky beast (D:6)
  A necrophage (D:4)
  6 ogres
  3 phantoms
  2 bullfrogs (D:6)
  A scorpion (D:6)
  A water moccasin skeleton (D:6)
  5 wights (D:7)
  A howler monkey (D:7)
  7 centaur zombies
  3 hounds
  4 bullfrog zombies
  A bullfrog skeleton (D:7)
  2 centaur skeletons (D:6)
  2 jellies (D:6)
  A gnoll shaman (D:6)
  4 orc priests
  4 iguanas
  Crazy Yiuf (D:2)
  4 orc wizards
  A scorpion zombie (D:5)
  2 killer bee zombies
  11 mummies (Ossuary)
  2 howler monkey zombies (Ossuary)
  7 gnolls
  7 adders
  A shadow imp (D:7)
  2 white imps (D:6)
  An ufetubus (D:4)
  2 adder skeletons (D:4)
  2 worms
  34 orcs
  7 bats
  8 endoplasms
  3 giant cockroaches (D:4)
  6 goblins
  9 hobgoblins
  3 jackals (D:2)
  2 quokkas (D:4)
  4 ball pythons
  3 frilled lizards
  A hobgoblin zombie (D:5)
  7 kobolds
  4 rats
  A rat zombie (D:5)
192 creatures vanquished.

Vanquished Creatures (others)
  18 withered plants (Ossuary)
18 creatures vanquished.

Grand Total: 210 creatures vanquished

Notes
Turn   | Place    | Note
-------+----------+-------------------------------------------
     0 | Abyss:1  | polve the Demonspawn Abyssal Knight began the quest for the
                  | Orb.
     0 | Abyss:1  | Reached XP level 1. HP: 18/18 MP: 2/2
    27 | Abyss:1  | Found a corrupted altar of Lugonu.
    80 | Abyss:1  | Found an ornate altar of the Wu Jian Council.
   240 | Abyss:1  | Noticed a small abomination
   241 | Abyss:1  | Noticed a vampire mage
   249 | Abyss:1  | Noticed a revenant
   251 | D:1      | Escaped the Abyss
   791 | D:1      | Gained mutation: You have a pair of small antennae on your
                  | head. [demonic ancestry]
   791 | D:1      | Reached XP level 2. HP: 23/24 MP: 3/3
   937 | D:1      | Reached * piety under Lugonu
  1322 | D:1      | Found a faded altar of an unknown god.
  1453 | D:2      | Found a runed translucent door.
  1454 | D:2      | Noticed Crazy Yiuf
  1695 | D:2      | Gained mutation: You are partially covered in sharp spines.
                  | [demonic ancestry]
  1695 | D:2      | Reached XP level 3. HP: 26/26 MP: 4/4
  2171 | D:2      | Found an ornate altar of the Wu Jian Council.
  2255 | D:2      | Killed Crazy Yiuf
  2256 | D:2      | Reached XP level 4. HP: 8/35 MP: 5/5
  2662 | D:3      | Reached ** piety under Lugonu
  3061 | D:3      | Gained mutation: You have a pair of antennae on your head.
                  | [demonic ancestry]
  3061 | D:3      | Reached XP level 5. HP: 37/41 MP: 6/6
  3812 | D:4      | Noticed a phantom
  3834 | D:4      | Killed a phantom
  3835 | D:4      | Reached XP level 6. HP: 12/47 MP: 7/7
  4207 | D:4      | Reached skill level 5 in Armour
  4763 | D:5      | Entered Level 5 of the Dungeon
  4802 | D:5      | Found a sand-covered staircase.
  4812 | Ossuary  | Entered an ossuary
  4848 | Ossuary  | Reached XP level 7. HP: 52/52 MP: 8/8
  5043 | Ossuary  | Reached *** piety under Lugonu
  6098 | D:5      | Gained mutation: You regenerate magic rapidly. [demonic
                  | ancestry]
  6098 | D:5      | Reached XP level 8. HP: 51/61 MP: 9/9
  6161 | D:5      | Reached skill level 5 in Fighting
  6269 | D:5      | Noticed Eustachio
  6857 | D:5      | Killed Eustachio
  6858 | D:5      | Reached skill level 3 in Invocations
  6988 | D:6      | Reached skill level 4 in Invocations
  7188 | D:6      | Reached skill level 5 in Invocations
  7195 | D:6      | Reached skill level 6 in Invocations
  7300 | D:6      | Found Akkewous's Magic Scroll Shoppe.
  7446 | D:6      | Reached skill level 7 in Invocations
  7466 | D:6      | Reached **** piety under Lugonu
  7642 | D:6      | Reached skill level 8 in Invocations
  7941 | D:6      | Reached XP level 9. HP: 61/69 MP: 15/15
  8313 | D:6      | Reached skill level 9 in Invocations
  8316 | D:6      | Found Soxea's General Store.
  8573 | D:6      | Reached skill level 10 in Invocations
  9295 | D:7      | Reached skill level 5 in Short Blades
  9908 | D:7      | Identified the +2 helmet of the Tundras {Will- Dex+4
                  | Stlth+}
 10240 | D:7      | Found a staircase to the Ecumenical Temple.
 10680 | D:8      | Noticed Psyche
 10705 | D:7      | Killed Psyche
 10840 | D:8      | Reached XP level 10. HP: 73/76 MP: 17/17
 10897 | D:7      | Slain by an orc warrior

Illustrated notes

Levels and vault maps discovered:
D:1:      dpeg_arrival_solitude, layout_basic,
          hellmonk_ecumenical_altar_crossroads, kennysheep_doodads
D:2:      layout_rooms, basic_altar, uniq_crazy_yiuf_cottage
D:3:      layout_loops_corners, serial_co_window_serial, co_window_paths_a,
          co_window_paths_a, co_window_corner_a, co_window_corner_a,
          co_window_paths_b, co_window_corner_ca, co_window_corner_b,
          co_window_corner_b, co_window_cross_4, co_window_4corner_b,
          glass_columns_a, minmay_misc_feat_doors
D:4:      layout_gridville
D:5:      layout_loops_cross, enter_ossuary_3, kennysheep_cross_room,
          uniq_eustachio
D:6:      kennysheep_spiral_hall, layout_loops_corners, serial_shops,
          nicolae_shop_stone, shop, kennysheep_generic_room_5
D:7:      layout_cave_pods, lemuel_temple_firewalk_a
D:8:      wad_cavern_with_rooms, layout_basic, lemuel_round_altar, special_room
          [special_room_orc], serial_shops, shop, minmay_shop_grid_forest,
          chequers_serial_rivers_micro_a, uniq_psyche, uniq_grum

Skill      XL: |  1  2  3  4  5  6  7  8  9 10 |
---------------+-------------------------------+-----
Short Blades   | 2 3 4 7 8 |  8.0
Armour         | 2 3 4 6 7 |  7.1
Fighting       | 4 6 |  6.1
Invocations    | 8 10 | 10.0
Dodging        | |  0.8

Action                   |  1- 3 |  4- 6 |  7- 9 | 10-12 || total
-------------------------+-------+-------+-------+-------++-------
Melee: Short sword       |    44 |       |       |       ||    44
       Dagger            |    55 |   115 |     2 |    49 ||   221
       Unarmed           |       |    11 |     6 |       ||    17
       Rapier            |       |     8 |   520 |       ||   528
Invok: Depart the Abyss  |     1 |       |       |       ||     1
  Use: Potion            |       |     4 |     1 |       ||     5
 Stab: Invisible         |       |     2 |     1 |       ||     3
       Sleeping          |       |       |     1 |       ||     1
Armor: Leather armour    |    31 |    34 |    29 |       ||    94
       Skin              |       |     4 |     2 |       ||     6
       Plate armour      |       |       |   319 |    18 ||   337
Dodge: Dodged            |    60 |    45 |   159 |     6 ||   270

Table legend: (Time is in decaauts)
 A = Elapsed time spent in this place.
 B = Non-inter-level travel time spent in this place.
 C = Inter-level travel time spent in this place.
 D = Time resting spent in this place.
 E = Time spent auto-exploring this place.
 F = Levels seen in this place.
 G = Mean time per level.
                   A        B        C        D        E       F      G
               +--------+--------+--------+--------+--------+-----+--------+
         Total |  10896 |  10567 |    329 |     26 |   9064 |  10 | 1089.6 |
       Dungeon |   9449 |   9120 |    329 |     23 |   7863 |   8 | 1181.1 |
         Abyss |    251 |    251 |      0 |      0 |    238 |   1 |  251.0 |
       Ossuary |   1195 |   1195 |      0 |      3 |    963 |   1 | 1195.0 |
               +--------+--------+--------+--------+--------+-----+--------+

Top non-repeatable levels by time:
     D:7: 2143 daAuts
     D:6: 1694 daAuts
 Ossuary: 1195 daAuts
     D:4: 1175 daAuts
     D:1: 1163 daAuts
     D:3: 1104 daAuts
     D:2: 1085 daAuts
     D:5: 1019 daAuts
 Abyss:1: 251 daAuts
     D:8: 63 daAuts
